 Dungeon Crawl Stone Soup version 0.15-a0-734-g2b8d6ef (webtiles) character file.

66488 4tharraofdagon the Unseen (level 15, -12/154 HPs)
             Began as a Naga Chaos Knight on May 10, 2014.
             Was the Champion of Cheibriados.
             Shot with an arrow by a satyr (26 damage)
             ... on Level 5 of the Shoals on May 11, 2014.
             The game lasted 02:10:05 (10518 turns).

4tharraofdagon the Unseen (Naga Chaos Knight)      Turns: 10518, Time: 02:10:05

HP -12/154       AC 20     Str 29      XL: 15   Next: 20%
MP  15/28        EV 17     Int 31      God: Cheibriados [******]
Gold 1531        SH  0     Dex 31      Spells:  3 memorised, 15 levels left

rFire  + + .     SeeInvis +     Q - +2,+5 battleaxe (flame)
rCold  . . .     Clarity  .     S - +3 leather armour "Cliuril" {rElec rF++}
rNeg   . . .     Conserve .     (no shield)
rPois  +         rCorr    .     j - +0 helmet
rElec  +         rRot     .     i - +0 cloak
SustAb + .       Spirit   .     m - +0 pair of gloves
rMut   .         Warding  .     o - +3 naga barding (curse)
Gourm  +         Stasis   .     A - amulet of the gourmand
MR     ++...                    l - ring of sustain abilities
                                k - ring of stealth

@: very slightly contaminated, very slow, very resistant to hostile
enchantments, incredibly stealthy
A: spit poison, constrict 1, see invisible, clever 1, deformed body,
deterioration 3, magic resistance 1, poison resistance, robust 1, slowness 2, AC
+5
a: Spit Poison, Bend Time, Temporal Distortion, Slouch, Step From Time, Renounce
Religion


You were on level 5 of the Shoals.
You worshipped Cheibriados.
Cheibriados was exalted by your worship.
You were completely stuffed.

You visited 3 branches of the dungeon, and saw 24 of its levels.
You visited the Abyss 1 time.
You also visited: Sewer, Bailey and Volcano.

You collected 2061 gold pieces.
You spent 530 gold pieces at shops.

Inventory:

Hand weapons
 t - a +2,+1 broad axe of flaming
 P - a +1,+2 battleaxe of chopping
 Q - a +2,+5 battleaxe of flaming (weapon)
Missiles
 r - 3 curare-tipped needles
 E - 2 tomahawks of returning (quivered)
Armour
 i - a +0 cloak (worn)
 j - a +0 helmet (worn)
 m - a +0 pair of gloves (worn)
 o - a cursed +3 naga barding (worn)
 S - the +3 leather armour "Cliuril" (worn) {rElec rF++}
   (You found it on level 9 of the Dungeon)

   It greatly protects you from fire.
   It insulates you from electricity.
 T - the cursed -1 ice dragon armour of Pathos {rF- rC++ Str+4 Int+5}
   (You found it on level 8 of the Lair of Beasts)

   It affects your strength (+4).
   It affects your intelligence (+5).
   It makes you vulnerable to fire.
   It greatly protects you from cold.
   It has a curse placed upon it.
Magical devices
 a - a wand of fire (4)
 e - a wand of digging (15)
 q - a wand of slowing (6)
 w - a wand of fireball (5)
 I - a wand of slowing (2)
 M - a wand of digging (11)
 R - a wand of invisibility (4)
 U - a wand of polymorph (2)
Comestibles
 c - 12 bread rations
 G - 5 honeycombs
 V - 3 meat rations
Scrolls
 g - 3 scrolls of fear
 v - a scroll of enchant armour
 y - 5 scrolls of fog
 B - 2 scrolls of magic mapping
 C - 4 scrolls of teleportation
 F - 3 scrolls of noise
 H - a scroll of immolation
 L - 2 scrolls of identify
 N - 6 scrolls of remove curse
 W - 2 scrolls of blinking
 Y - 2 scrolls of recharging
Jewellery
 d - an uncursed ring of protection from magic
 f - an uncursed ring of fire
 h - an uncursed ring of wizardry
 k - a ring of stealth (left hand)
 l - a ring of sustain abilities (right hand)
 A - an amulet of the gourmand (around neck)
 D - a +3 ring of dexterity
 X - an uncursed ring of ice
 Z - an uncursed ring of protection from cold
Potions
 b - a potion of porridge
 n - 2 potions of restore abilities
 p - 2 potions of brilliance
 s - a potion of heal wounds
 u - a potion of agility
 z - 10 potions of curing
 K - a potion of magic
Books
 x - a book of Necromancy

   Spells                             Type                      Level
   Pain                               Necromancy                   1
   *Animate Skeleton                  Necromancy                   1
   Vampiric Draining                  Necromancy                   3
   *Regeneration                      Charms/Necromancy            3
   Animate Dead                       Necromancy                   4
   Control Undead                     Necromancy                   4
Magical staves
 J - an uncursed staff of wizardry
Miscellaneous
 O - a phial of floods


   Skills:
 + Level 10.4 Fighting
 * Level 13.8 Axes
   Level 9.1 Polearms
 - Level 1.5 Armour
 + Level 8.3 Dodging
 * Level 16.4 Stealth
 - Level 4.0 Spellcasting
 - Level 2.9 Charms
 - Level 6.5 Necromancy
 + Level 9.8 Invocations
 - Level 3.1 Evocations


You had 15 spell levels left.
You knew the following spells:

 Your Spells              Type           Power        Failure   Level  Hunger
a - Regeneration          Chrm/Necr      #####.....   2%          3    ##.....
b - Animate Skeleton      Necr           N/A          1%          1    None
c - Conjure Flame         Conj/Fire      #.......     17%         3    ##.....


Dungeon Overview and Level Annotations

Branches:
Dungeon (11/15)              Lair (8/8) D:10         Shoals (5/5) Lair:5
  Snake (0/5) Lair:5
 Temple: D:4-7          Orc: D:9-12       Slime: Lair:6-8

Altars:
Cheibriados
Elyvilon
Kikubaaqudgha
Okawaru
Trog
Yredelemnul
The Shining One

Shops:
D:4 *   D:6 *   D:9 ([[:%

Annotations:
D:11 Erolcha
Lair:2 Prince Ribbit
Lair:5 SHOALS
Shoals:4 Mara
Shoals:5 exclusion: Roxanne, Ilsuiw, Roxanne


Innate Abilities, Weirdness & Mutations

You cannot wear boots.
You can spit poison.
You can use your snake-like lower body to constrict enemies.
Your serpentine skin is tough (AC +5).
You have supernaturally acute eyesight.
Armour fits poorly on your strangely shaped body.
Your system is resistant to poisons.
You cover ground very slowly.
Your mind is acute. (Int +2)
Your body is rapidly deteriorating.
You are resistant to hostile enchantments.
You are robust (+10% HP).


Message History

Unknown command.
You barely miss the satyr.
The satyr is heavily wounded.
You constrict the satyr.
The satyr plays a lulling melody on his pipes!
You fall asleep.
You lose your grip on the satyr.
The satyr shoots an arrow.
The arrow hits you but does no damage.
The faun hits you from afar with a spear!
You wake up.
The satyr shoots an arrow.
The arrow hits you but does no damage. The faun hits you with a quarterstaff.
The merfolk javelineer throws a javelin of penetration.
The javelin of penetration pierces through you!
* * * LOW HITPOINT WARNING * * *
Use which ability? (? or * to list)
You can feel time thicken for a moment.
You feel somewhat less full.
The faun hits you from afar with a spear!
* * * LOW HITPOINT WARNING * * *
The satyr shoots an arrow.
The arrow hits you!
You die...
Xom titters!

≈≈# ≈ ≈≈≈m ≈≈≈≈≈
≈≈≈≈≈ ..≈≈≈≈≈ ≈≈≈≈≈#
.≈≈≈≈≈≈ #≈≈≈#≈
)≈≈≈≈≈≈≈
P≈#≈#≈.##...≈≈≈≈≈≈
PP≈P≈≈PP.##..≈≈≈≈≈≈
≈≈≈PPP.P.(...≈≈≈≈.#
≈≈PP#####@cc.≈≈≈.##.
##c..≈≈≈$...
#(≈≈≈≈≈≈≈..
#≈≈≈≈≈≈≈≈.≈
#≈≈≈≈≈≈≈≈≈≈
#≈≈≈≈≈.?.. ≈≈≈
≈≈≈≈.######.≈≈≈
≈≈≈≈≈..####.≈≈≈≈≈
≈≈≈≈≈......).≈≈≈≈≈≈


You could see a merfolk javelineer, a satyr and 2 fauns.

Vanquished Creatures
  A kraken (Shoals:2)
  Frances (Shoals:4)
  Louise (Shoals:2)
  3 merfolk impalers
  3 hydras
  4 merfolk aquamancers
  6 sea snakes
  An orc knight (Bailey)
  A lindwurm (Volcano)
  4 water nymphs
  A necromancer (Lair:4)
  Joseph (D:9)
  5 griffons
  5 harpies (Shoals:5)
  5 manticores
  3 fauns
  A mermaid (Shoals:2)
  2 feature mimics
  A gargoyle (D:9)
  11 black mambas
  12 spiny frogs
  A queen ant (Lair:8)
  6 komodo dragons
  A hellwing (Shoals:4)
  9 merfolk
  A polar bear (Lair:1)
  2 giant leeches (Lair:8)
  2 trolls (D:9)
  2 fire drakes
  A wind drake (Shoals:4)
  A queen bee (Lair:5)
  11 blink frogs
  A two-headed ogre (D:11)
  2 snapping turtles (Shoals:5)
  2 basilisks
  19 sharks
  3 water elementals (Shoals:5)
  17 wolves
  2 elephant slugs
  2 shadows
  Eustachio (D:7)
  2 vampire mosquitoes (Lair:8)
  3 fire bats (Volcano)
  16 yaks
  3 wyverns
  A hippogriff (Lair:1)
  4 nagas (Lair:5)
  Menkaure (D:6)
  A steam dragon (D:8)
  3 mottled dragons (Volcano)
  An ugly thing (D:9)
  16 soldier ants (Lair:8)
  3 porcupines
  13 water moccasins
  A phantom (D:11)
  4 orc warriors
  A small abomination (Abyss:1)
  A sky beast (D:10)
  2 black bears
  7 ogres
  6 centaurs
  A manticore skeleton (Shoals:2)
  5 crocodiles
  2 big kobolds
  3 blink frog skeletons (Lair:8)
  A giant slug (Lair:4)
  21 giant frogs
  2 scorpions
  4 electric eels
  27 killer bees
  3 jellies
  A goliath beetle (D:10)
  A giant frog zombie (D:6)
  6 hounds
  A crimson imp (D:9)
  An elf zombie (D:11)
  3 big fish
  2 orc priests
  2 yak simulacra (Lair:4)
  Natasha (D:5)
  39 worker ants
  6 iguanas
  2 polar bear simulacra (Lair:4)
  3 orc wizards
  5 sheep (Lair:2)
  3 wolf simulacra (Lair:4)
  An ogre skeleton (D:5)
  A hound skeleton (D:5)
  33 green rats
  14 adders
  2 shadow imps
  A worm zombie (D:5)
  3 inept feature mimics
  8 worms
  3 giant mites
  An iguana zombie (D:9)
  9 giant geckos
  3 oozes (Sewer)
  12 orcs
  18 ball pythons
  17 bats
  A bat skeleton (D:6)
  3 giant cockroaches
  4 goblins
  7 hobgoblins
  15 jackals
  26 kobolds
  9 quokkas
  A giant gecko skeleton (D:8)
  3 giant newts
  4 green rat simulacra (Lair:4)
  A hobgoblin skeleton (D:6)
  An orc skeleton (D:5)
  44 rats
  6 fungi
  28 plants
  A tentacle (Shoals:2)
672 creatures vanquished.

Vanquished Creatures (collateral kills)
  A merfolk impaler (Shoals:4)
  3 merfolk aquamancers
  A sea snake (Shoals:2)
  A griffon (Shoals:4)
  2 mermaids
  4 spiny frogs (Lair:8)
  6 merfolk
  A blink frog (Lair:8)
  4 sharks (Lair:8)
  A vampire mosquito (Lair:8)
  2 water moccasins (Lair:8)
  A crocodile (Lair:8)
  4 giant frogs (Lair:8)
  A big fish (Lair:8)
  A worker ant (Lair:8)
  4 green rats (Lair:6)
  A goblin (Bailey)
  A hobgoblin (Bailey)
  A jackal (Lair:5)
  A kobold (Bailey)
  A bat (Lair:6)
  A quokka (Lair:5)
  A rat (Lair:3)
  3 plants
  2 tentacles (Shoals:2)
49 creatures vanquished.

Vanquished Creatures (others)
  A sea snake (Shoals:5)
  A human skeleton (Shoals:4)
  3 harpy skeletons (Shoals:5)
  A sea snake skeleton (Shoals:2)
  3 griffon skeletons
  5 merfolk skeletons
  3 spiny frog skeletons
  A water nymph skeleton (Shoals:5)
  A human (D:5)
  A mermaid skeleton (Shoals:2)
  2 manticore skeletons
  A giant frog skeleton (Lair:8)
  An orc zombie (Bailey)
  An electric eel skeleton (Lair:7)
  6 fungi
  8 plants
  2 tentacles (Shoals:2)
  26 tentacle segments (Shoals:2)
67 creatures vanquished.

Grand Total: 788 creatures vanquished

Notes
Turn   | Place    | Note
--------------------------------------------------------------
     0 | D:1      | 4tharraofdagon, the Naga Chaos Knight, began the quest for the Orb.
     0 | D:1      | Reached XP level 1. HP: 21/21 MP: 1/1
    57 | D:1      | XOM: harmless Divn miscast
   121 | D:3      | Reached XP level 2. HP: 28/28 MP: 2/2
   128 | D:3      | Noticed a worker ant
   130 | D:3      | Reached skill level 1 in Dodging
   138 | D:3      | Killed a worker ant
   138 | D:3      | Reached XP level 3. HP: 31/36 MP: 3/3
   304 | D:4      | Reached skill level 4 in Fighting
   304 | D:4      | Reached XP level 4. HP: 30/44 MP: 4/4
   327 | D:4      | Noticed Natasha
   331 | D:4      | XOM: cast spell 'Blink'
   478 | D:3      | XOM: medium Necr miscast
   479 | D:3      | Noticed a shadow
   488 | D:3      | HP: 1/44 [shadow[the capriciousness of Xom] (6)]
   489 | D:3      | Killed a shadow
   683 | D:4      | Noticed a scorpion
   692 | D:4      | Killed a scorpion
   692 | D:4      | Reached XP level 5. HP: 34/51 MP: 5/5
   710 | D:4      | Noticed an ogre
   715 | D:4      | XOM: harmless Divn miscast
   717 | D:4      | Killed an ogre
   769 | D:4      | Reached XP level 6. HP: 35/60 MP: 6/6
   778 | D:4      | Got a fine robe
   785 | D:4      | Identified the cursed +2 robe of Purpose {Int-4} (You took it off a kobold on level 4 of the Dungeon)
   785 | D:4      | o
   789 | D:4      | Found Twatrucs' General Store.
   797 | D:4      | XOM: medium Hex miscast
   825 | D:4      | Reached skill level 5 in Fighting
   834 | D:4      | Bought a scroll of identify for 26 gold pieces
   891 | D:4      | Found a basalt altar of Yredelemnul.
   896 | D:4      | XOM: harmless Chrm miscast
   962 | D:4      | XOM: enchant monster (bad)
   999 | D:5      | Entered Level 5 of the Dungeon
  1155 | D:5      | XOM: mild Conj miscast
  1206 | D:5      | Reached skill level 5 in Polearms
  1238 | D:5      | XOM: cast spell 'Flight'
  1326 | D:5      | Found a glowing drain.
  1329 | D:5      | XOM: 1-stop teleportation journey
  1412 | D:5      | Reached XP level 7. HP: 37/67 MP: 7/7
  1419 | Sewer    | Entered a sewer
  1458 | Sewer    | XOM: cast spell 'Flight'
  1560 | Sewer    | XOM: mild Divn miscast
  1571 | Sewer    | thx
  1585 | Sewer    | XOM: 2-stop teleportation journey
  1588 | Sewer    | XOM: blink monster(s)
  1589 | Sewer    | smart one Xom
  1589 | Sewer    | but im smarter!
  1646 | Sewer    | XOM: noise
  1784 | D:5      | Killed Natasha
  1793 | D:5      | Found an ancient bone altar of Kikubaaqudgha.
  1794 | D:5      | Noticed a human
  1796 | D:5      | Killed a human
  1820 | D:6      | XOM: noise
  1869 | D:6      | Reached skill level 6 in Fighting
  1898 | D:6      | Noticed Menkaure
  1903 | D:6      | Reached XP level 8. HP: 61/76 MP: 8/8
  1913 | D:6      | Killed Menkaure
  1962 | D:6      | Reached skill level 1 in Evocations
  2194 | D:6      | Found Detit's General Store.
  2201 | D:6      | Bought a scroll of identify for 22 gold pieces
  2201 | D:6      | Bought a scroll of noise for 11 gold pieces
  2201 | D:6      | Bought a potion of curing for 22 gold pieces
  2251 | D:6      | XOM: summons 2 hostile shadow creatures
  2293 | D:6      | Found a white marble altar of Elyvilon.
  2412 | D:7      | Found a glowing golden altar of the Shining One.
  2477 | D:7      | XOM: 2-stop teleportation journey
  2478 | D:7      | WHEE endeed
  2525 | D:7      | Reached skill level 7 in Polearms
  2622 | D:6      | Found a glowing golden altar of the Shining One.
  2622 | D:6      | Found an ancient bone altar of Kikubaaqudgha.
  2622 | D:6      | Found a snail-covered altar of Cheibriados.
  2622 | D:6      | Found a bloodstained altar of Trog.
  2627 | D:6      | lets make it
  2630 | D:6      | real
  2630 | D:6      | Fell from the grace of Xom
  2630 | D:6      | Became a worshipper of Cheibriados the Contemplative
  2656 | D:7      | Noticed Eustachio
  2680 | D:7      | Killed Eustachio
  2832 | D:8      | Reached skill level 1 in Stealth
  2844 | D:8      | Found an iron altar of Okawaru.
  2912 | D:8      | Reached skill level 1 in Invocations
  2912 | D:8      | Reached XP level 9. HP: 82/85 MP: 13/13
  2974 | D:8      | Found a flagged portal.
  2981 | Bailey   | Entered a bailey
  3139 | Bailey   | Noticed an orc knight
  3140 | Bailey   | Found a bloodstained altar of Trog.
  3165 | Bailey   | Killed an orc knight
  3165 | Bailey   | Reached skill level 8 in Polearms
  3294 | D:8      | Was placed under penance by Cheibriados
  3300 | D:8      | Was forgiven by Cheibriados
  3308 | D:8      | XOM: medium Necr miscast
  3390 | D:9      | Found Shrockaff's Antique Armour Boutique.
  3397 | D:9      | Noticed a gargoyle
  3405 | D:9      | Bought a transparent scale mail for 189 gold pieces
  3417 | D:9      | Identified the +1 scale mail "Phiylias" {rElec} (You bought it in a shop on level 9 of the Dungeon)
  3457 | D:9      | uh
  3604 | D:9      | Noticed Joseph
  3632 | D:9      | Killed Joseph
  3632 | D:9      | Reached skill level 5 in Dodging
  3632 | D:9      | Reached skill level 5 in Stealth
  3632 | D:9      | Reached XP level 10. HP: 28/96 MP: 17/17
  3718 | D:10     | Entered Level 10 of the Dungeon
  3744 | D:9      | Reached skill level 9 in Polearms
  3759 | D:9      | Found Schaivez's Antique Weapon Boutique.
  3804 | D:9      | Bought a runed battleaxe for 130 gold pieces
  3804 | D:9      | Bought a glowing battleaxe for 130 gold pieces
  3842 | D:8      | Reached skill level 1 in Axes
  4030 | D:9      | Found Qaaqurcha's Armour Emporium.
  4070 | D:9      | XOM: stat loss: -3 Int (16/19)
  4107 | D:9      | Got a smelly leather armour
  4118 | D:9      | Identified the +3 leather armour "Cliuril" {rElec rF++} (You found it on level 9 of the Dungeon)
  4168 | D:9      | Was placed under penance by Cheibriados
  4174 | D:9      | Was forgiven by Cheibriados
  4174 | D:9      | Reached skill level 5 in Axes
  4182 | D:9      | Found Muamnolu's Book Boutique.
  4243 | D:8      | XOM: summons 1 hostile demon
  4263 | D:9      | Found Humi's Food Emporium.
  4347 | D:9      | bad move
  4355 | D:9      | Killed a gargoyle
  4451 | D:10     | XOM: vitrification
  4461 | D:10     | XOM: mild Erth miscast
  4526 | D:10     | Found a staircase to the Lair.
  4601 | D:10     | XOM: medium Conj miscast
  4731 | D:11     | Noticed Erolcha
  4756 | D:11     | XOM: noise
  4777 | D:11     | Acquired Cheibriados' first power
  4790 | D:11     | Cast into the Abyss (Erolcha)
  4850 | D:11     | Escaped the Abyss
  4854 | D:11     | Reached skill level 10 in Axes
  4854 | D:11     | Reached XP level 11. HP: 21/103 MP: 18/18
  4972 | D:10     | XOM: noise
  4977 | Lair:1   | Entered Level 1 of the Lair of Beasts
  5117 | Lair:1   | XOM: silly message
  5127 | Lair:1   | Acquired Cheibriados' second power
  5263 | Lair:1   | XOM: medium Conj miscast
  5291 | Lair:2   | Reached skill level 5 in Invocations
  5348 | Lair:2   | Noticed a six-headed hydra
  5355 | Lair:2   | Killed a six-headed hydra
  5383 | Lair:2   | Noticed Prince Ribbit
  5487 | Lair:2   | Learned a level 3 spell: Regeneration
  5542 | Lair:2   | Learned a level 1 spell: Animate Skeleton
  5562 | Lair:2   | XOM: divination: detect creatures
  5681 | Lair:3   | Reached skill level 1 in Spellcasting
  5711 | Lair:3   | XOM: noise
  5744 | Lair:3   | Reached skill level 1 in Necromancy
  5780 | Lair:3   | Reached skill level 11 in Axes
  5864 | Lair:4   | Acquired Cheibriados' third power
  5896 | Lair:4   | XOM: medium Chrm miscast
  5935 | Lair:4   | Found a dark tunnel.
  5960 | Volcano  | Entered a volcano
  5973 | Volcano  | XOM: medium Chrm miscast
  5977 | Volcano  | Noticed a lindwurm
  5992 | Volcano  | Killed a lindwurm
  6054 | Volcano  | Reached XP level 12. HP: 90/110 MP: 6/20
  6130 | Lair:4   | Learned a level 3 spell: Conjure Flame
  6188 | Lair:4   | Reached skill level 5 in Necromancy
  6201 | Lair:4   | XOM: give mutation
  6201 | Lair:4   | Gained mutation: You are resistant to hostile enchantments. [Xom's mischief]
  6202 | Lair:4   | thx Xom
  6214 | Lair:4   | XOM: give mutation
  6214 | Lair:4   | Lost mutation: You are resistant to hostile enchantments. [Xom's mischief]
  6246 | Lair:4   | Noticed a necromancer
  6278 | Lair:4   | Killed a necromancer
  6278 | Lair:4   | Reached skill level 1 in Charms
  6302 | Lair:4   | XOM: mild Ice miscast
  6318 | Lair:4   | XOM: give mutations
  6318 | Lair:4   | Gained mutation: Your body is slowly deteriorating. [Xom's mischief]
  6318 | Lair:4   | Gained mutation: You are frail (-10% HP). [Xom's mischief]
  6318 | Lair:4   | Gained mutation: Your body is deteriorating. [Xom's mischief]
  6392 | Lair:4   | XOM: give mutations
  6392 | Lair:4   | Gained mutation: Your body is rapidly deteriorating. [Xom's mischief]
  6392 | Lair:4   | Lost mutation: You are frail (-10% HP). [Xom's mischief]
  6450 | Lair:4   | Noticed a seven-headed hydra
  6464 | Lair:4   | XOM: give mutations
  6464 | Lair:4   | Gained mutation: You are resistant to hostile enchantments. [Xom's grace]
  6464 | Lair:4   | Gained mutation: You are robust (+10% HP). [Xom's grace]
  6464 | Lair:4   | Gained mutation: Your mind is acute. (Int +2) [Xom's grace]
  6726 | Lair:6   | XOM: noise
  6799 | Lair:6   | XOM: severe Tloc miscast
  6881 | Lair:6   | XOM: medium Erth miscast
  6966 | Lair:7   | Reached skill level 10 in Stealth
  6984 | Lair:8   | Entered Level 8 of the Lair of Beasts
  7013 | Lair:8   | Found a snail-covered altar of Cheibriados.
  7020 | Lair:8   | XOM: noise
  7069 | Lair:8   | Reached XP level 13. HP: 100/129 MP: 16/24
  7212 | Lair:8   | XOM: medium Pois miscast
  7212 | Lair:8   | Was forgiven by Xom
  7228 | Lair:8   | Reached skill level 12 in Stealth
  7240 | Lair:8   | Noticed a five-headed hydra
  7250 | Lair:8   | Killed a two-headed hydra
  7552 | Lair:8   | Got a shimmering ice dragon armour
  7557 | Lair:8   | Identified the cursed -1 ice dragon armour of Pathos {rF- rC++ Str+4 Int+5} (You found it on level 8 of the Lair of Beasts)
  7697 | Lair:7   | Reached skill level 13 in Stealth
  7719 | Lair:7   | Noticed a five-headed hydra
  7787 | Lair:6   | Found a staircase to the Snake Pit.
  7796 | Lair:6   | the staircase to the Snake Pit was a mimic.
  7995 | Lair:5   | Found a staircase to the Snake Pit.
  8038 | Lair:5   | hello
  8039 | Lair:5   | goodbye
  8040 | Lair:5   | Reached XP level 14. HP: 117/141 MP: 16/26
  8227 | Lair:7   | hello
  8229 | Lair:7   | Killed a three-headed hydra
  8229 | Lair:7   | Reached skill level 14 in Stealth
  8230 | Lair:7   | bye
  8404 | Lair:5   | Found a staircase to the Shoals.
  8444 | Shoals:1 | Entered Level 1 of the Shoals
  8519 | Shoals:2 | Noticed Louise
  8551 | Shoals:2 | Got a bronze ring mail
  8592 | Shoals:2 | hmm
  8728 | Shoals:2 | Killed Louise
  8893 | Shoals:2 | Found an iron altar of Okawaru.
  8898 | Shoals:2 | Noticed a kraken
  8913 | Shoals:2 | Killed a kraken
  9116 | Shoals:4 | Noticed Frances
  9116 | Shoals:4 | Noticed Mara
  9159 | Shoals:3 | Reached skill level 15 in Stealth
  9296 | Shoals:4 | Reached skill level 10 in Fighting
  9325 | Shoals:4 | its more life than this game!
  9325 | Shoals:4 | Upgraded the game from 0.15-a0-717-ga3c592f to 0.15-a0-734-g2b8d6ef
  9417 | Shoals:3 | You fall through a shaft!
  9490 | Shoals:5 | Entered Level 5 of the Shoals
  9490 | Shoals:5 | Noticed Ilsuiw
  9928 | Shoals:5 | Noticed Roxanne
  9989 | Shoals:5 | Reached skill level 16 in Stealth
  9989 | Shoals:5 | Reached XP level 15. HP: 79/151 MP: 11/28
 10166 | Shoals:4 | HP: 5/151 [Frances/shard of ice (36)]
 10169 | Shoals:4 | Killed Frances
 10183 | Shoals:4 | Identified the cursed -1 ring mail of Loogurgh {rC+ rN+ Int+2} (You found it on level 2 of the Shoals)
 10205 | Shoals:4 | Your ally Frances died
 10518 | Shoals:5 | Shot with an arrow by a satyr

Action                   |  1- 3 |  4- 6 |  7- 9 | 10-12 | 13-15 || total
-------------------------+-------+-------+-------+-------+-------++-------
Melee: Spear             |    30 |   227 |   468 |    84 |       ||   809
       Battleaxe         |       |       |       |   436 |   428 ||   864
       Staff             |       |       |       |       |    12 ||    12
Throw: Stone             |     1 |       |       |       |       ||     1
       Tomahawk          |       |       |       |     6 |     2 ||     8
 Cast: Regeneration      |       |       |       |    45 |   134 ||   179
       Animate Skeleton  |       |       |       |     4 |    38 ||    42
       Conjure Flame     |       |       |       |       |     1 ||     1
Invok: Slouch            |       |       |       |     4 |     8 ||    12
       Temporal Distorti |       |       |       |     1 |     2 ||     3
 Abil: Spit Poison       |     7 |    18 |    51 |    60 |     1 ||   137
Evoke: Wand              |       |     3 |    34 |    31 |    11 ||    79
       Phial of floods   |       |       |       |       |     1 ||     1
  Use: Potion            |       |     4 |     3 |     5 |     9 ||    21
       Scroll            |       |     2 |    16 |    16 |     7 ||    41
 Stab: Paralysed         |    12 |       |    16 |     3 |       ||    31
       Confused          |       |       |     8 |       |       ||     8
       Petrified         |       |       |     5 |     1 |       ||     6
       Petrifying        |       |       |     5 |     3 |       ||     8
       Sleeping          |       |       |     2 |    26 |    22 ||    50
       Distracted        |       |       |     1 |     1 |     7 ||     9

Vault maps used:
D:1:      tarquinn_simple_flora_water_a
D:2:      kennysheep_the_goblin_king, uniq_crazy_yiuf_cottage
D:3:      kennysheep_nondescript
D:4:      serial_shops, nicolae_shop_stone, portal_sewer_entry_b,
          yredelemnul_altar_generic, uniq_edmund, uniq_natasha
D:5:      first_bread, portal_sewer_entry_e, tgw_kikubaaqudgha
D:6:      nicolae_overflow_hidden_temple, lemuel_temple_firewalk_marked,
          serial_shops, shop, serial_co_window_serial, co_window_corner_a,
          co_window_paths_b, co_window_paths_b, co_window_corner_a,
          co_window_corner_a, co_window_of_opportunity_a, co_window_paths_b,
          co_window_broadway_c, co_window_corner_cb, co_window_of_opportunity_b,
          co_window_unsneaky_path_c, glass_columns_a, st_stairs_8, uniq_menkaure
D:7:      basic_altar, uniq_eustachio
D:8:      kennysheep_mini_moat, enter_bailey_2
D:9:      kennysheep_six_static_rooms, serial_shops, shop, shop,
          kennysheep_little_box, nicolae_shop_overgrown_old_shop,
          kennysheep_mini, uniq_joseph
D:10:     dpeg_lair_monsters
D:11:     serial_shops, nicolae_shop_waterfront, nicolae_trove_entry_diagonal,
          uniq_erolcha
Lair:1:   bh_autumn_forest_stairs
Lair:2:   serial_bayou_crossing, lemuel_strawberry_fields, serial_bayou_shore_a,
          uniq_prince_ribbit2
Lair:3:   minivault_24
Lair:4:   enter_volcano_1, st_stairs_7, eino_house_with_fridge, uniq_snorg
Lair:5:   elwin_shoals_entry_rooms, minmay_snake_entry_guardpost_small,
          special_room
Lair:6:   minmay_snake_entry_six_corridors
Lair:7:   slime_altar_1, uniq_maud
Lair:8:   minmay_lair_end_frog_pond, basic_altar, zaba_anthell
Shoals:2: wheals_shoals_ruined_temple, uniq_louise
Shoals:3: nicolae_shoals_seven_spires, nicolae_shoals_aquamancer_cove
Shoals:4: uniq_frances, uniq_mara
Shoals:5: shoals_end_simple, shoal_ilsuiw, uniq_roxanne
Sewer:    sewer_minmay_w
Bailey:   bailey_axe_3, bailey
Volcano:  volcano_pools
